 Dungeon Crawl Stone Soup version 0.25.0-1-g7eea58d2a3 (webtiles) character file.

Game seed: 3297953917838746757

828 MisterFreud the Basher (level 7, -2/46 HPs)
             Began as a Gargoyle Berserker on June 14, 2020.
             Was a Believer of Trog.
             Killed from afar by Dowan (24 damage)
             ... with a shard of ice
             ... on level 4 of the Dungeon.
             The game lasted 00:06:32 (4310 turns).

MisterFreud the Basher (Gargoyle Berserker)         Turns: 4310, Time: 00:06:32

Health: -2/46      AC: 13    Str: 22    XL:     7   Next: 97%
Magic:  7/7        EV:  8    Int:  8    God:    Trog [**....]
Gold:   160        SH:  0    Dex:  9    Spells: 6/6 levels left

rFire    . . .     SeeInvis .   a - +0 mace
rCold    . . .     Gourm    .   (no shield)
rNeg     + . .     Faith    .   f - +0 chain mail (curse)
rPois    ∞         Spirit   .   (no helmet)
rElec    +         Reflect  .   l - scarf {+Inv}
rCorr    .         Harm     .   (no gloves)
MR       .....                  (no boots)
Stlth    ..........             (no amulet)
HPRegen  0.15/turn              k - ring of attention
MPRegen  0.10/turn              (no ring)

@: berserk cooldown, slowed, very slow
A: negative energy resistance 1, electricity resistance, unbreathing,
petrification resistance, rot immunity, AC +4
a: Berserk, Trog's Hand, Renounce Religion, Evoke Invisibility


You were on level 4 of the Dungeon.
You worshipped Trog.
Trog was pleased with you.
You were near starving.

You visited 1 branch of the dungeon, and saw 4 of its levels.

You collected 202 gold pieces.
You spent 42 gold pieces at shops.

Inventory:

Hand Weapons
 a - a +0 mace (weapon)
Missiles
 h - 2 throwing nets (quivered)
 o - 2 javelins
Armour
 b - a +1 animal skin
 f - a cursed +0 chain mail (worn)
 l - a scarf of invisibility (worn)
Jewellery
 k - a ring of attention (left hand)
Scrolls
 j - a scroll of identify
 n - 3 scrolls of teleportation
 p - 2 scrolls of fear
 q - a scroll of noise {unknown}
Potions
 d - a potion of ambrosia
 e - a potion of heal wounds {unknown}
 g - 2 potions of degeneration
 i - a potion of curing {unknown}
 m - a potion of berserk rage {unknown}
 r - a potion of invisibility {unknown}
 s - a potion of brilliance {unknown}
Comestibles
 c - 5 rations


   Skills:
 - Level 6.0 Fighting
 + Level 8.0 Maces & Flails
 - Level 2.1 Armour
 - Level 1.5 Dodging


You had 6 spell levels left.
You didn't know any spells.
Your spell library was empty.

Dungeon Overview and Level Annotations

Branches:
Dungeon (4/15)
 Temple: D:4-7

Altars:
Cheibriados
Kikubaaqudgha
Nemelex Xobeh
Okawaru
Vehumet

Shops:
D:4 ?[?

Annotations:
D:4 Blork the orc, Dowan


Innate Abilities, Weirdness & Mutations

You are resistant to torment.
Your stone body is resilient. (AC +4)
You are immune to poison.
You resist negative energy. (rN+)
You are resistant to electric shocks. (rElec)
You can survive without breathing.
You are immune to petrification.
You are immune to rotting.


Message History

Dowan casts a spell at you. The shard of ice hits you.
You barely miss Dowan.
Dowan is almost dead.
Dowan gestures wildly while chanting.
Dowan blinks!
Dowan gestures at you while chanting. The shard of ice hits you!
Items here: ) / [ † a +0 short sword; a +0 scale mail; a wand of polymorph (6) the elf corpse of Duvessa You barely miss Dowan.
Dowan is almost dead.
Your skin stops crawling.
You feel less resistant to hostile enchantments.
Dowan hits you but does no damage. Dowan casts a spell at you.
The shard of ice hits you!!
Ouch! That really hurt!
You die...

#### #######.. #
#....(#.####.#
#.###.#.#....####
#.# #............
#.###.#.#....####
#.....#......#
###.##########
#@# #e# #.# #.###
#...# ###.# #.#
####.####
#.......#


You could see Dowan (fast).

Vanquished Creatures
  Edmund (D:4)
  Duvessa (D:4)
  2 ogres (D:4)
  A centaur (D:4)
  A howler monkey (D:4)
  A centaur skeleton (D:4)
  An orc priest (D:3)
  An iguana (D:4)
  2 worker ants (D:4)
  3 gnolls (D:3)
  5 adders
  3 oozes
  2 worms
  2 dart slugs
  6 leopard geckos
  4 orcs
  12 bats
  4 giant cockroaches
  8 goblins
  10 hobgoblins
  7 jackals
  A quokka (D:3)
  5 frilled lizards
  6 kobolds
  A quokka skeleton (D:4)
  7 rats
97 creatures vanquished.

Vanquished Creatures (others)
  A plant (D:4)
1 creature vanquished.

Grand Total: 98 creatures vanquished

Notes
Turn   | Place    | Note
-------+----------+-------------------------------------------
     0 | D:1      | MisterFreud the Gargoyle Berserker began the quest for the
                  | Orb.
     0 | D:1      | Reached XP level 1. HP: 14/14 MP: 1/1
   359 | D:1      | Reached XP level 2. HP: 12/19 MP: 2/2
   637 | D:1      | Reached XP level 3. HP: 17/24 MP: 3/3
  1401 | D:2      | Reached skill level 4 in Maces & Flails
  1401 | D:2      | Reached XP level 4. HP: 11/30 MP: 4/4
  1840 | D:2      | Reached ** piety under Trog
  1851 | D:2      | Found an iron altar of Okawaru.
  1861 | D:2      | Found a faded altar of an unknown god.
  1924 | D:2      | Found a radiant altar of Vehumet.
  2248 | D:2      | Found a sparkling altar of Nemelex Xobeh.
  2487 | D:3      | Found an ancient bone altar of Kikubaaqudgha.
  2711 | D:3      | Reached XP level 5. HP: 34/34 MP: 5/5
  2920 | D:3      | Reached skill level 5 in Fighting
  3287 | D:2      | Found a snail-covered altar of Cheibriados.
  3460 | D:4      | Noticed an ogre
  3470 | D:4      | Killed an ogre
  3470 | D:4      | Reached skill level 5 in Maces & Flails
  3470 | D:4      | Reached XP level 6. HP: 41/41 MP: 6/6
  3682 | D:4      | Found Tetux's Magic Scroll Emporium.
  3684 | D:4      | Noticed Edmund
  3730 | D:4      | Killed Edmund
  3730 | D:4      | Reached skill level 6 in Maces & Flails
  3730 | D:4      | Reached XP level 7. HP: 24/46 MP: 7/7
  3733 | D:4      | Noticed Blork the orc
  3740 | D:4      | Found Qemamosu's Antique Armour Shop.
  3803 | D:4      | Found Kenlas's Magic Scroll Boutique.
  4033 | D:4      | Reached skill level 7 in Maces & Flails
  4134 | D:4      | Bought a scroll of fear for 42 gold pieces
  4276 | D:4      | Noticed Duvessa
  4298 | D:4      | Noticed Dowan
  4299 | D:4      | Killed Duvessa
  4299 | D:4      | Reached skill level 8 in Maces & Flails
  4310 | D:4      | Killed from afar by Dowan

Illustrated notes

Levels and vault maps discovered:
D:1:      minmay_arrival_loop, layout_basic, minmay_ruptured
D:2:      cheibrodos_helix_gallery, layout_basic, old_standard_altar,
          nicolae_overflow_hidden_temple,
          chequers_ecumenical_altar_simple_redux, nemelex_dance_club_becter
D:3:      layout_loops_cross, kiku_gazebo_pond_becter, first_ration
D:4:      layout_loops_cross, serial_bayou, serial_bayou_lagoon_a,
          serial_bayou_ford_a, serial_bayou_pond_b, serial_bayou_shore_b,
          serial_shops, shop, shop_statue, nicolae_shop_waterfront,
          uniq_blork_the_orc, uniq_duvessa, uniq_edmund

Skill      XL: |  1  2  3  4  5  6  7 |
---------------+----------------------+-----
Fighting       | 4 5 6 |  6.0
Maces & Flails | 4 5 6 8 |  8.0
Armour         | |  2.1
Dodging        | |  1.5

Action                   |  1- 3 |  4- 6 |  7- 9 || total
-------------------------+-------+-------+-------++-------
Melee: Mace              |   130 |   229 |    57 ||   416
Invok: Berserk           |     1 |     5 |     2 ||     8
       Trog's Hand       |       |     3 |     2 ||     5
  Use: Scroll            |       |     5 |     2 ||     7
  Eat: Chunk             |     2 |    13 |     4 ||    19
Armor: Animal skin       |    54 |    63 |       ||   117
       Chain mail        |       |    41 |    34 ||    75
Dodge: Dodged            |   103 |   135 |    15 ||   253
